 Dungeon Crawl Stone Soup version 0.18.1-50-g88ac8fd (webtiles) character file.

107 RudyRod the Magician (level 4, -2/31 HPs)
             Began as a Demonspawn Wizard on Oct 11, 2016.
             Killed by nerve-wracking pain
             ... invoked by an orc priest
              (9 damage)
             ... on level 3 of the Dungeon.
             The game lasted 00:15:21 (3602 turns).

RudyRod the Magician (Demonspawn Wizard)            Turns: 3602, Time: 00:15:22

Health: -2/31      AC:  4    Str:  7    XL:     4   Next: 56%
Magic:  2/10       EV: 12    Int: 21    God:
Gold:   87         SH:  0    Dex: 11    Spells: 2 memorised, 8 levels left

rFire  . . .     SeeInvis .     h - +0 short sword
rCold  . . .     Gourm    .     a - +0 robe
rNeg   . . .     Faith    .     (no shield)
rPois  .         Spirit   .     b - +0 hat
rElec  .         Dismiss  .     (no cloak)
rCorr  .         Reflect  .     k - +0 pair of gloves
SustAt .         Harm     .     m - +0 pair of boots
MR     .....                    g - amulet of magic regeneration
Stlth  ++........               (no ring)
                                (no ring)

@: very slightly contaminated, not resistant to hostile enchantments, unstealthy
A: claws 1, talons 1, rot immunity
a: no special abilities


You were on level 3 of the Dungeon.
You were not hungry.

You visited 1 branch of the dungeon, and saw 3 of its levels.

You collected 87 gold pieces.

Inventory:

Hand Weapons
 f - a +0 club
 h - a +0 short sword (weapon)
Missiles
 i - 63 stones (quivered)
Armour
 a - a +0 robe (worn)
 b - a +0 hat (worn)
 k - a +0 pair of gloves (worn)
 m - a +0 pair of boots (worn)
Jewellery
 g - an amulet of magic regeneration (around neck)
Scrolls
 l - 2 scrolls of identify
 o - 2 scrolls of random uselessness {unknown}
 q - a scroll of magic mapping {unknown}
 r - a scroll of remove curse {unknown}
 s - 3 scrolls of blinking {unknown}
 u - a scroll of fear {unknown}
Potions
 e - a potion of curing {unknown}
 j - a potion of haste {unknown}
 t - a potion of cancellation {unknown}
Books
 c - a book of Minor Magic

   Spells                             Type                      Level
   a - Magic Dart                     Conjuration                  1
   b - Blink                          Translocation                2
   c - Call Imp                       Summoning                    2
   d - Repel Missiles                 Charms/Air                   2
   e - Slow                           Hexes                        2
   f - Conjure Flame                  Conjuration/Fire             3
   g - Mephitic Cloud                 Conjuration/Poison/Air       3
Comestibles
 d - a bread ration
 n - a fruit
 p - a meat ration


   Skills:
 + Level 0.8 Fighting
 + Level 0.3 Short Blades
 + Level 2.5 Dodging
 + Level 2.0 Stealth
 + Level 4.0 Spellcasting
 + Level 1.8 Conjurations
 * Level 1.3 Summonings
   Level 0.8 Translocations


You had 8 spell levels left.
You knew the following spells:

 Your Spells              Type           Power        Failure   Level  Hunger
a - Magic Dart            Conj           ##..         8%          1    None
b - Call Imp              Summ           #.......     12%         2    #......


Dungeon Overview and Level Annotations

Branches:
Dungeon (3/15)

Altars:


Innate Abilities, Weirdness & Mutations

You have sharp fingernails.
You have sharp toenails.
You are immune to rotting.


Message History

Casting: Magic Dart
Confirm with . or Enter, or press ? or * to list all spells.
Aiming: Magic Dart
Press: ? - help, Shift-Dir - straight line, f/p - orc priest
Aim: an orc priest, wielding a club and wearing a leather armour (moderately wounded)
The magic dart hits the orc priest.
The orc priest is moderately wounded.
The orc priest invokes the aid of Beogh against you.
Pain shoots through your body!
* * * LOW HITPOINT WARNING * * *
Casting: Magic Dart
Confirm with . or Enter, or press ? or * to list all spells.
Aiming: Magic Dart
Press: ? - help, Shift-Dir - straight line, f/p - orc priest
Aim: an orc priest, wielding a club and wearing a leather armour (moderately wounded)
The magic dart hits the orc priest.
The orc priest is heavily wounded.
The orc priest calls down the wrath of Beogh upon you.
Pain shoots through your body!
You die...

###...## #..##.######......
..###..# ######.#..#......#####
#...##.#####...........###### #
###.##..........#.######
#.............#...#######
####...............##...##
###...(......####.#.....## ###
####............####........# #..
#....########...@oo#........# #..
..#### #....####.o........# #..
.## # ..### ####......####..
#######.#### #............
###........# #g.......##.. .##.#
#(## #..........## .##.# #(.#
######.....###..#
....#######(#####.........#####..
............(........g5..........


You could see an orc priest and 2 orcs.

Vanquished Creatures
  3 adders
  An ooze (D:2)
  A dart slug (D:3)
  3 giant geckos
  A ball python (D:1)
  2 giant cockroaches (D:2)
  12 goblins
  7 hobgoblins
  A jackal (D:2)
  11 kobolds
  A quokka (D:2)
  7 bats
  3 giant newts
  9 rats
62 creatures vanquished.

Vanquished Creatures (collateral kills)
  A gnoll (D:3)
  2 goblins (D:3)
3 creatures vanquished.

Grand Total: 65 creatures vanquished

Notes
Turn   | Place    | Note
--------------------------------------------------------------
     0 | D:1      | RudyRod the Demonspawn Wizard began the quest for the Orb.
     0 | D:1      | Reached XP level 1. HP: 13/13 MP: 4/4
   511 | D:1      | Gained mutation: You have sharp fingernails. [demonic ancestry]
   511 | D:1      | Reached XP level 2. HP: 20/20 MP: 3/6
  1182 | D:1      | Gained mutation: You are immune to rotting. [demonic ancestry]
  1182 | D:1      | Reached XP level 3. HP: 9/25 MP: 4/8
  2325 | D:2      | Gained mutation: You have sharp toenails. [demonic ancestry]
  2325 | D:2      | Reached XP level 4. HP: 26/31 MP: 1/9
  2792 | D:2      | Learned a level 2 spell: Call Imp
  3021 | D:3      | Reached skill level 4 in Spellcasting
  3602 | D:3      | Killed from afar by an orc priest

Skill      XL: |  1  2  3  4 |
---------------+-------------+-----
Dodging        | 2 |  2.5
Spellcasting   | 4 |  4.0
Stealth        | 2 |  2.0
Fighting       | |  0.8
Short Blades   | |  0.3
Conjurations   | |  1.8
Summonings     | |  1.3
Translocations | |  0.8

Action                   |  1- 3 |  4- 6 || total
-------------------------+-------+-------++-------
Melee: Unarmed           |    10 |       ||    10
       Club              |     2 |       ||     2
       Short sword       |    45 |    11 ||    56
 Cast: Magic Dart        |    77 |    43 ||   120
       Call Imp          |       |     2 ||     2
  Use: Scroll            |       |     2 ||     2
 Stab: Sleeping          |     2 |     2 ||     4
  Eat: Chunk             |     4 |       ||     4
       Bread ration      |       |     1 ||     1
Armor: Robe              |    26 |     5 ||    31
Dodge: Dodged            |    64 |    18 ||    82
